 Dungeon Crawl Stone Soup version 0.26-a0-660-gc07710193c (webtiles) character file.

Game seed: 13288459770368324813

35 dickylongcocking the Sneak (level 3, 0/17 HPs)
             Began as a Felid Delver on Oct 5, 2020.
             Succumbed to a worker ant's poison
             ... on level 4 of the Dungeon.
             The game lasted 00:00:42 (196 turns).

dickylongcocking the Sneak (Felid Delver)            Turns: 196, Time: 00:00:42

Health: 0/17       AC:  1    Str:  8    XL:     3   Next: 16%
Magic:  4/4        EV: 18    Int: 11    God:
Gold:   15         SH:  0    Dex: 18    Spells: 2/2 levels left
                                        Lives:  0   Deaths: 0

rFire    . . .     SeeInvis +     - Unarmed
rCold    . . .     Faith    .   (shield unavailable)
rNeg     . . .     Spirit   .   (armour unavailable)
rPois    .         Reflect  .   (helmet unavailable)
rElec    .         Harm     .   (cloak unavailable)
rCorr    .         Rampage  .   (gloves unavailable)
MR       .....                  (boots unavailable)
Stlth    ++++......             (no amulet)
HPRegen  0.05/turn              (no ring)
MPRegen  0.09/turn              (no ring)

@: lethally poisoned (0 -> -14), hasted, very quick
A: very small, no armour, no weapons or thrown items, stealth, claws 1, fangs 3,
see invisible, speed 1, shaggy fur 1, sharp paws
a: no special abilities


You were on level 4 of the Dungeon.
You visited 1 branch of the dungeon, and saw 2 of its levels.

You collected 15 gold pieces.

Inventory:

Wands
 e - a wand of digging (3)
Scrolls
 a - a scroll of fog
 b - a scroll of magic mapping


   Skills:
 - Level 3.1 Fighting
 - Level 2.8 Dodging
 - Level 7.7 Stealth
 * Level 2.1 Unarmed Combat


You had 2 spell levels left.
You didn't know any spells.
Your spell library was empty.

Dungeon Overview and Level Annotations

Branches:
Dungeon (5/15)
 Temple: D:4-7

Altars:


Innate Abilities, Weirdness & Mutations

You cannot wear armour.
You are incapable of wielding weapons or throwing items.
Your paws allow you to move quietly. (Stealth)
You have sharp claws.
You have razor-sharp teeth.
You have supernaturally acute eyesight. (SInv)
You cover ground quickly.
You are covered in fur. (AC +1)
Your sharp claws are effective at attacking unaware monsters.


Message History

Okay, then.
You feel yourself speed up.
* * * LOW HITPOINT WARNING * * *
You feel sick. The worker ant completely misses you.
Unknown command.
Unknown command.
A giant cockroach comes into view.
* * * LOW HITPOINT WARNING * * *
You feel sick.
* * * LOW HITPOINT WARNING * * *
You feel sick.
As you read the scroll of fear, it crumbles to dust.
You assume a fearsome visage.
The worker ant looks frightened!
The giant cockroach looks frightened!
* * * LOW HITPOINT WARNING * * *
You feel sick.
Unknown command.
You aren't carrying any potions.
Unknown command.
You die...

### #.# #... #.# #..B.
#.. #....#### #?#
#.......##############.#
#...........B........#.#
##....@.######.........
#......#.............>
#........####..#.....#
####...............#.#
#......####.##..#.#
#...........##..#.#
#.......######.....
##.....## #..#(# #..#..


You could see a worker ant (fleeing) and a giant cockroach (fleeing).

Vanquished Creatures
  A jelly (D:5)
  3 quokkas
  A frilled lizard (D:5)
5 creatures vanquished.

Notes
Turn   | Place    | Note
-------+----------+-------------------------------------------
     0 | D:5      | dickylongcocking the Felid Delver began the quest for the
                  | Orb.
     0 | D:5      | Reached XP level 1. HP: 10/10 MP: 2/2
   103 | D:5      | Noticed a jelly
   110 | D:5      | Killed a jelly
   110 | D:5      | Reached skill level 7 in Stealth
   110 | D:5      | Reached XP level 2. HP: 14/14 MP: 3/3
   110 | D:5      | Reached XP level 3. HP: 17/17 MP: 4/4
   138 | D:4      | Noticed a phantom
   196 | D:4      | Succumbed to a worker ant's poison

Illustrated notes

Levels and vault maps discovered:
D:4:      layout_basic, uniq_menkaure, uniq_blork_the_orc
D:5:      layout_cave_pools

Skill      XL: |  1 |
---------------+----+-----
Stealth        | 7 |  7.7
Fighting       | |  3.1
Dodging        | |  2.8
Unarmed Combat | |  2.1

Action                   || total
-------------------------++-------
Melee: Unarmed           ||    13
  Use: Scroll            ||     1
       Potion            ||     1
 Stab: Sleeping          ||     3
Dodge: Dodged            ||     8

Table legend: (Time is in decaauts)
 A = Elapsed time spent in this place.
 B = Non-inter-level travel time spent in this place.
 C = Inter-level travel time spent in this place.
 D = Time resting spent in this place.
 E = Time spent auto-exploring this place.
 F = Levels seen in this place.
 G = Mean time per level.
                   A        B        C        D        E       F      G
               +--------+--------+--------+--------+--------+-----+--------+
         Total |    169 |    152 |     17 |      0 |     77 |   2 |   84.5 |
       Dungeon |    169 |    152 |     17 |      0 |     77 |   2 |   84.5 |
               +--------+--------+--------+--------+--------+-----+--------+

Top non-repeatable levels by time:
     D:5: 123 daAuts
     D:4: 46 daAuts
